 Dungeon Crawl Stone Soup version 0.29-a0-289-g2178c42546 (webtiles) character file.

Game seed: 17292501798728411235

2581 epen the Covert (level 9, 0/53 (71) HPs)
             Began as a Gnoll Brigand on Mar 17, 2022.
             Was a Follower of Cheibriados.
             Slain by Duvessa
             ... wielding a +3 short sword of draining
              (3 damage)
             ... on level 7 of the Dungeon.
             The game lasted 00:10:34 (8757 turns).

epen the Covert (Gnoll Brigand)                     Turns: 8757, Time: 00:10:35

HP:   0/53 (71)     AC:  7    Str: 14    XL:     9   Next: 58%
MP:   15/15         EV: 15    Int: 13    God:    Cheibriados [*.....]
Gold: 371           SH:  0    Dex: 21    Spells: 16/16 levels left

rFire   + . .      SeeInvis +   h - +3 dagger
rCold   . . .      Faith    .   (no shield)
rNeg    . . .      Spirit   .   b - +0 robe
rPois   .          Reflect  .   B - +0 helmet
rElec   .          Harm     .   l - +0 cloak {Stlth+}
rCorr   .          Rampage  .   r - +1 pair of gloves
Will    .....                   (no boots)
Stlth   +++++.....              (no amulet)
HPRegen 0.17/turn               n - ring of see invisible
MPRegen 0.14/turn               E - ring of protection from fire

@: very heavily drained, very slow
A: fangs 1, strong nose, distributed training
a: Renounce Religion, Bend Time


You were on level 7 of the Dungeon.
You worshipped Cheibriados.
Cheibriados was aware of your devotion.
You visited 2 branches of the dungeon, and saw 8 of its levels.

You collected 371 gold pieces.

Inventory:

Hand Weapons
 a - a +2 dagger
 h - a +3 dagger (weapon)
 C - a +0 hand crossbow
 F - a +1 shortbow of freezing
Missiles
 d - 9 poisoned darts (quivered)
 e - 3 curare-tipped darts
Armour
 b - a +0 robe (worn)
 c - a +0 cloak
 l - a +0 cloak of stealth (worn)
 r - a +1 pair of gloves (worn)
 y - +0 gold dragon scales
 B - a +0 helmet (worn)
Jewellery
 j - a ring of magical power
 n - a ring of see invisible (left hand)
 E - a ring of protection from fire (right hand)
Wands
 t - a wand of digging (12)
 A - a wand of polymorph (11)
Scrolls
 g - 2 scrolls of noise
 i - 3 scrolls of fear
 w - 3 scrolls of immolation
Potions
 m - 4 potions of curing
 o - a potion of ambrosia {unknown}
 p - 3 potions of flight {unknown}
 q - a potion of heal wounds {unknown}
 s - 2 potions of mutation {unknown}
 u - 3 potions of brilliance
 D - 3 potions of might {unknown}
 G - a potion of haste {unknown}


   Skills:
 + Level 6.4 Fighting
 + Level 6.4 Short Blades
 + Level 4.4 Long Blades
 + Level 4.4 Axes
 + Level 4.4 Maces & Flails
 + Level 4.4 Polearms
 + Level 4.4 Staves
 + Level 4.4 Slings
 + Level 4.4 Bows
 + Level 4.4 Crossbows
 + Level 6.4 Throwing
 + Level 4.4 Armour
 + Level 5.1 Dodging
 + Level 9.0 Stealth
 + Level 4.4 Shields
 + Level 4.4 Unarmed Combat
 + Level 4.4 Spellcasting
 + Level 3.6 Conjurations
 + Level 3.6 Hexes
 + Level 3.6 Summonings
 + Level 3.6 Necromancy
 + Level 3.6 Translocations
 + Level 3.6 Transmutations
 + Level 3.6 Fire Magic
 + Level 3.6 Ice Magic
 + Level 3.6 Air Magic
 + Level 3.6 Earth Magic
 + Level 3.6 Poison Magic
 + Level 4.8 Invocations
 + Level 4.4 Evocations


You had 16 spell levels left.
You didn't know any spells.
Your spell library contained the following spells:

 Spells                   Type           Power      Damage    Failure   Level
 Call Canine Familiar     Summ           12%        N/A       14%         3
 Ozocubu's Armour         Ice            12%        N/A       14%         3
 Portal Projectile        Hex/Tloc       24%        N/A       14%         3
 Leda's Liquefaction      Hex/Erth       6%         N/A       41%         4
 Ozocubu's Refrigeration  Ice            6%         4d6       100%        7


Dungeon Overview and Level Annotations

Branches:
Dungeon (7/15)             Temple (1/1) D:4

Altars:
Ashenzari
Cheibriados
Dithmenos
Elyvilon
Fedhas
Gozag
Hepliaklqana
Kikubaaqudgha
Makhleb
Nemelex Xobeh
Okawaru
Qazlal
Ru
Sif Muna
Trog
Uskayaw
Vehumet
Wu Jian
Xom
Yredelemnul
Zin
The Shining One

Shops:
D:4 =

Annotations:
D:5 2 transporters, cheburek's ghost, novice DDFi
D:7 Dowan; Duvessa


Innate Abilities, Weirdness & Mutations

You have very sharp teeth.
Your uncanny sense of smell can sniff out nearby items.
Your experience applies equally to all skills.


Message History

You hit Duvessa but do no damage.
Duvessa is moderately wounded.
Duvessa completely misses you.
You completely miss Duvessa.
Duvessa is moderately wounded.
You hit Duvessa.
Duvessa is moderately wounded.
Duvessa barely misses you.
You hit Duvessa. Your bite misses Duvessa.
Duvessa is moderately wounded.
Duvessa hits you with a +3 short sword of draining!
You feel drained.
You hit Duvessa.
Duvessa is heavily wounded.
Dowan points at you and mumbles some strange words.
The puff of flame misses you.
The puff of flame hits Duvessa.
Duvessa hits you with a +3 short sword of draining.
You feel drained.
There is an open door, spattered with blood here.
Dowan gestures at you while chanting. The puff of flame hits you. You resist.
Duvessa hits you with a +3 short sword of draining!
You feel drained.
As you read the scroll labelled ZUAPIMP JILIMI, it crumbles to dust.
Wisps of shadow whirl around you...
It was a scroll of summoning.
Duvessa hits you with a +3 short sword of draining!
You feel drained. Dowan hits you with a +0 mace.
* * * LOW HITPOINT WARNING * * *
Okay, then.
You swap places.
Your killer bee stings Duvessa.
Your killer bee closely misses Dowan.
Duvessa barely misses you.
Your killer bee stings Duvessa.
Duvessa is poisoned.
Your killer bee poisons Duvessa!
Your killer bee stings Dowan.
Your scorpion closely misses Dowan.
Dowan says, "Magic and the sword, together, will defeat you."
Dowan barely misses your killer bee.
Duvessa hits you with a +3 short sword of draining!
* * * LOW HITPOINT WARNING * * *
You feel drained.
You die...

# ####.......##.#.....#
#....+ #
#.......##.#..##.####.####
#.......#|.....#.e.e..# #
#.......#####...##########
#.......## #.............
#........# #...##########
#.......y## #.............
#......yyl# #..###.#######
#########@###..)...#
#ye##.####.# ##e##.####.#
#......sy#......#
#........#......# ###
#........#......# #..
#........#.)....# #..
#...............#####..
#......................


You could see Duvessa (very poisoned, ally target), Dowan (ally target), a
friendly scorpion (summoned), a friendly iguana (summoned) and 5 friendly killer
bees.

Vanquished Creatures
  Joseph (D:7)
  Grinder (D:4)
  A wyvern (D:7)
  A water moccasin (D:7)
  2 ice beasts (D:7)
  A black bear (D:7)
  2 sky beasts
  A centaur (D:5)
  2 phantoms (D:7)
  3 bullfrogs
  2 necrophages (D:6)
  3 scorpions
  2 killer bees (D:5)
  A howler monkey (D:6)
  5 hounds
  2 jellies (D:7)
  4 iguanas
  Robin (D:3)
  5 gnolls
  4 adders
  A worm (D:5)
  2 dart slugs (D:3)
  5 orcs
  6 ball pythons
  4 endoplasms
  2 giant cockroaches
  16 goblins
  6 hobgoblins
  7 jackals (D:1)
  9 kobolds
  2 quokkas (D:1)
  7 bats
  2 frilled lizards
  2 rats
115 creatures vanquished.

Vanquished Creatures (others)
  A plant (Temple)
1 creature vanquished.

Grand Total: 116 creatures vanquished

Notes
Turn   | Place    | Note
-------+----------+-------------------------------------------
     0 | D:1      | epen the Gnoll Brigand began the quest for the Orb.
     0 | D:1      | Reached XP level 1. HP: 20/20 MP: 1/1
    53 | D:1      | Reached XP level 2. HP: 20/26 MP: 2/2
   486 | D:1      | Reached XP level 3. HP: 24/31 MP: 3/3
  1102 | D:2      | Reached skill level 1 in Invocations
  1625 | D:2      | Reached skill level 1 in Long Blades
  1625 | D:2      | Reached skill level 1 in Axes
  1625 | D:2      | Reached skill level 1 in Maces & Flails
  1625 | D:2      | Reached skill level 1 in Polearms
  1625 | D:2      | Reached skill level 1 in Staves
  1625 | D:2      | Reached skill level 1 in Slings
  1625 | D:2      | Reached skill level 1 in Bows
  1625 | D:2      | Reached skill level 1 in Crossbows
  1625 | D:2      | Reached skill level 1 in Armour
  1625 | D:2      | Reached skill level 1 in Shields
  1625 | D:2      | Reached skill level 1 in Unarmed Combat
  1625 | D:2      | Reached skill level 1 in Spellcasting
  1625 | D:2      | Reached skill level 1 in Evocations
  2152 | D:2      | Found a faded altar of an unknown god.
  2300 | D:3      | Reached XP level 4. HP: 38/38 MP: 5/5
  3072 | D:4      | Reached skill level 1 in Conjurations
  3072 | D:4      | Reached skill level 1 in Hexes
  3072 | D:4      | Reached skill level 1 in Summonings
  3072 | D:4      | Reached skill level 1 in Necromancy
  3072 | D:4      | Reached skill level 1 in Translocations
  3072 | D:4      | Reached skill level 1 in Transmutations
  3072 | D:4      | Reached skill level 1 in Fire Magic
  3072 | D:4      | Reached skill level 1 in Ice Magic
  3072 | D:4      | Reached skill level 1 in Air Magic
  3072 | D:4      | Reached skill level 1 in Earth Magic
  3072 | D:4      | Reached skill level 1 in Poison Magic
  3117 | D:4      | Noticed Grinder
  3125 | D:4      | Noticed Robin
  3360 | D:3      | Killed Robin
  3361 | D:3      | Reached XP level 5. HP: 36/43 MP: 6/6
  3478 | D:4      | Found Teliskokk's Jewellery Emporium.
  3939 | D:4      | Reached skill level 8 in Stealth
  4066 | D:4      | Paralysed by Grinder for 2 turns
  4071 | D:4      | Paralysed by Grinder for 2 turns
  4074 | D:4      | Killed Grinder
  4075 | D:4      | Reached skill level 5 in Fighting
  4075 | D:4      | Reached skill level 5 in Short Blades
  4075 | D:4      | Reached skill level 5 in Throwing
  4075 | D:4      | Reached XP level 6. HP: 25/51 MP: 7/9
  4359 | D:4      | Reached XP level 7. HP: 56/56 MP: 10/10
  4381 | D:4      | Found a staircase to the Ecumenical Temple.
  4395 | Temple   | Entered the Ecumenical Temple
  4560 | Temple   | Became a worshipper of Cheibriados the Contemplative
  4798 | D:5      | Entered Level 5 of the Dungeon
  4851 | D:5      | Found a transporter.
  4853 | D:5      | Noticed cheburek's ghost (novice DDFi)
  4855 | D:5      | Found a transporter.
  6171 | D:5      | Found a burning altar of Makhleb.
  6428 | D:6      | Reached XP level 8. HP: 63/63 MP: 12/12
  7297 | D:7      | Noticed Duvessa
  7300 | D:7      | Noticed Dowan
  7402 | D:7      | Reached * piety under Cheibriados
  7697 | D:7      | Reached XP level 9. HP: 35/69 MP: 14/14
  7875 | D:7      | Noticed Joseph
  7884 | D:7      | Killed Joseph
  8132 | D:7      | Reached skill level 5 in Dodging
  8331 | D:7      | Reached skill level 9 in Stealth
  8757 | D:7      | Slain by Duvessa

Illustrated notes

Levels and vault maps discovered:
D:1:      nicolae_arrival_memento_mori, layout_loops_ring
D:2:      layout_loops_cross, serial_rivers, chequers_serial_rivers_small_b,
          chequers_serial_rivers_small_3, chequers_serial_rivers_large_a,
          chequers_serial_rivers_small_3, chequers_serial_rivers_large_b,
          shapermc_ecumenical_altar_hornbeckon
D:3:      layout_basic
D:4:      layout_cave_pools, temple_fountains, serial_shops,
          nicolae_shop_hallway_stairs, cheibrodos_gnoll_hut, uniq_grinder,
          uniq_robin
D:5:      layout_basic, makhleb_heckhound_becter, gammafunk_ghost_mausoleum,
          corexii_corridor_pit
D:6:      layout_loops_corners
D:7:      layout_basic, uniq_duvessa, uniq_joseph
Temple:   kilobyte_greek_temple

Skill      XL: |  1  2  3  4  5  6  7  8  9 |
---------------+----------------------------+-----
Invocations    | 1 2 3 4 |  4.8
Long Blades    | 1 2 3 4 |  4.4
Axes           | 1 2 3 4 |  4.4
Maces & Flails | 1 2 3 4 |  4.4
Polearms       | 1 2 3 4 |  4.4
Staves         | 1 2 3 4 |  4.4
Slings         | 1 2 3 4 |  4.4
Bows           | 1 2 3 4 |  4.4
Crossbows      | 1 2 3 4 |  4.4
Armour         | 1 2 3 4 |  4.4
Shields        | 1 2 3 4 |  4.4
Unarmed Combat | 1 2 3 4 |  4.4
Spellcasting   | 1 2 3 4 |  4.4
Evocations     | 1 2 3 4 |  4.4
Conjurations   | 1 2 3 |  3.6
Hexes          | 1 2 3 |  3.6
Summonings     | 1 2 3 |  3.6
Necromancy     | 1 2 3 |  3.6
Translocations | 1 2 3 |  3.6
Transmutations | 1 2 3 |  3.6
Fire Magic     | 1 2 3 |  3.6
Ice Magic      | 1 2 3 |  3.6
Air Magic      | 1 2 3 |  3.6
Earth Magic    | 1 2 3 |  3.6
Poison Magic   | 1 2 3 |  3.6
Dodging        | 3 4 5 |  5.1
Stealth        | 8 9 |  9.0
Fighting       | 5 6 |  6.4
Short Blades   | 5 6 |  6.4
Throwing       | 5 6 |  6.4

Action                   |  1- 3 |  4- 6 |  7- 9 || total
-------------------------+-------+-------+-------++-------
Melee: Dagger            |    98 |    97 |   244 ||   439
       Bite              |     7 |    10 |    30 ||    47
       Punch             |     3 |     3 |     8 ||    14
 Fire: Hand crossbow     |       |     9 |       ||     9
       Shortbow          |       |       |    80 ||    80
Evoke: Wand              |       |     2 |     3 ||     5
  Use: Potion            |       |     1 |       ||     1
       Scroll            |       |       |    12 ||    12
 Stab: Sleeping          |    15 |     9 |     7 ||    31
       Paralysed         |       |     2 |     2 ||     4
       Invisible         |       |     1 |       ||     1
Armor: Robe              |    18 |    20 |    69 ||   107
Dodge: Dodged            |    54 |    65 |   166 ||   285

Table legend: (Time is in decaauts)
 A = Elapsed time spent in this place.
 B = Non-inter-level travel time spent in this place.
 C = Inter-level travel time spent in this place.
 D = Time resting spent in this place.
 E = Time spent auto-exploring this place.
 F = Levels seen in this place.
 G = Mean time per level.
                   A        B        C        D        E       F      G
               +--------+--------+--------+--------+--------+-----+--------+
         Total |   9297 |   8865 |    432 |   1849 |   5764 |   8 | 1162.1 |
       Dungeon |   9086 |   8699 |    387 |   1849 |   5636 |   7 | 1298.0 |
        Temple |    211 |    167 |     44 |      0 |    128 |   1 |  211.0 |
               +--------+--------+--------+--------+--------+-----+--------+

Top non-repeatable levels by time:
     D:5: 1619 daAuts
     D:7: 1530 daAuts
     D:2: 1268 daAuts
     D:6: 1263 daAuts
     D:3: 1249 daAuts
     D:4: 1088 daAuts
     D:1: 1066 daAuts
  Temple: 211 daAuts
